 Dungeon Crawl Stone Soup version 0.27-a0-920-gb2bd10914a (webtiles) character file.

Game seed: 13950707078251469776

43 wakim the Cutter (level 3, -1/22 HPs)
             Began as a Kobold Gladiator on Apr 9, 2021.
             Succumbed to an adder's poison
             ... on level 2 of the Dungeon.
             The game lasted 00:03:30 (1404 turns).

wakim the Cutter (Kobold Gladiator)                 Turns: 1404, Time: 00:03:31

Health: -1/22      AC:  4    Str: 11    XL:     3   Next: 82%
Magic:  3/3        EV: 16    Int:  9    God:
Gold:   55         SH:  0    Dex: 23    Spells: 2/2 levels left

rFire    . . .     SeeInvis .   a - +4 quick blade
rCold    . . .     Faith    .   (shield restricted)
rNeg     . . .     Spirit   .   g - +0 leather armour
rPois    .         Reflect  .   c - +0 helmet
rElec    .         Harm     .   (no cloak)
rCorr    .         Rampage  .   (no gloves)
Will     .....                  (no boots)
Stlth    +++.......             (no amulet)
HPRegen  0.07/turn              j - +6 ring of dexterity
MPRegen  0.08/turn              (no ring)

@: mighty, brilliant, lethally poisoned (-1 -> -11)
A: small, no large weapons, nightstalker 3, mutation resistance 1
a: no special abilities


You were on level 2 of the Dungeon.
You visited 1 branch of the dungeon, and saw 2 of its levels.

You collected 55 gold pieces.

Inventory:

Hand Weapons
 a - a +4 quick blade (weapon)
 b - a +0 rapier
Missiles
 d - 3 throwing nets (quivered)
Armour
 c - a +0 helmet (worn)
 g - a +0 leather armour (worn)
Jewellery
 j - a +6 ring of dexterity (left hand)


   Skills:
 + Level 2.5 Fighting
 * Level 4.7 Short Blades
 - Level 2.1 Throwing
 + Level 3.9 Dodging
 * Level 2.6 Stealth


You had 2 spell levels left.
You didn't know any spells.
Your spell library was empty.

Dungeon Overview and Level Annotations

Branches:
Dungeon (2/15)

Altars:

Shops:
D:1 [


Innate Abilities, Weirdness & Mutations

You are small and have problems with some larger weapons.
You are completely attuned to the shadows.
You are somewhat resistant to further mutation.


Message History

Found a kite shield.
The helpless wyvern skeleton fails to defend itself.
You impale the wyvern skeleton!!
The wyvern skeleton is severely damaged.
The wyvern skeleton bites you!
Ouch! That really hurt!
* * * LOW HITPOINT WARNING * * *
The adder hisses angrily.
You hit the wyvern skeleton.
The wyvern skeleton is almost destroyed.
The adder barely misses you. The adder bites you.
* * * LOW HITPOINT WARNING * * *
You are lethally poisoned!
The adder poisons you!
It was a potion of mutation.
You feel extremely strange.
You feel genetically stable.
* * * LOW HITPOINT WARNING * * *
You feel sick. The adder barely misses you.
It was a potion of brilliance.
You feel clever all of a sudden.
* * * LOW HITPOINT WARNING * * *
You feel sick. The adder barely misses you.
It was a potion of might.
You feel very mighty all of a sudden.
* * * LOW HITPOINT WARNING * * *
You feel sick. The adder misses you.
As you read the scroll labelled PEXOZOE PIBIAPH, it crumbles to dust.
You feel aware of your surroundings.
You sensed 1 shop/portal.
It was a scroll of magic mapping.
* * * LOW HITPOINT WARNING * * *
You feel sick. The adder misses you. The adder bites you.
* * * LOW HITPOINT WARNING * * *
You are more poisoned.
The adder poisons you!
Blink to where?
Press: ? - help, Dir - move target
As you read the scroll labelled PYECAPEASE, it crumbles to dust.
It was a scroll of blinking.
You die...

#....##.##..# ##.## *,****,
#...........# #.# *****,*****
###.#######.# #.# *,,,,,,,,,, #.#
#.# #.# *,**,,,***, ##.#######.#
#.# #.#*,,,***, ##..........# #.#
#.#*....,*, #...>.##########.#
#.##.#.#.*, .......## ##.##.#
#.##......,
(.......####...#@######......#.#*
.......†'...........§SZ........,+
........####.)......######.$.#,**
.......## #..##†##.# **##.##,**
#.....## #......#.# #S......#
##...## #..###.#.# #.......#
##+## #..# #.#.# #.......# #.#
#..###.#.# #.......# ###.#
#......#.# **,,,,,,,**


There were no monsters in sight!

Vanquished Creatures
  An adder (D:2)
  A worm (D:2)
  2 dart slugs (D:1)
  3 goblins
  4 hobgoblins
  5 jackals (D:1)
  2 ball pythons (D:2)
  3 bats (D:1)
  5 kobolds (D:1)
26 creatures vanquished.

Notes
Turn   | Place    | Note
-------+----------+-------------------------------------------
     0 | D:1      | wakim the Kobold Gladiator began the quest for the Orb.
     0 | D:1      | Reached XP level 1. HP: 12/12 MP: 1/1
   159 | D:1      | Reached skill level 1 in Stealth
   159 | D:1      | Reached XP level 2. HP: 17/17 MP: 2/2
   473 | D:1      | Reached XP level 3. HP: 9/22 MP: 3/3
   720 | D:1      | Found Rabiyss's Armour Shop.
   900 | D:2      | Identified a scroll of acquirement
   900 | D:2      | Acquired a +4 quick blade
  1400 | D:2      | Gained mutation: You are somewhat resistant to further
                  | mutation. [potion of mutation]
  1404 | D:2      | Succumbed to an adder's poison

Illustrated notes

Levels and vault maps discovered:
D:1:      roderic_octagonal_star, layout_rooms, serial_shops,
          nicolae_shop_behind_doors
D:2:      layout_loops_corners, serial_shops, shop, grunt_decor_fettered

Skill      XL: |  1  2 |
---------------+-------+-----
Stealth        | 1 2 |  2.6
Fighting       | |  2.5
Short Blades   | |  4.7
Throwing       | |  2.1
Dodging        | |  3.9

Action                   || total
-------------------------++-------
Melee: Rapier            ||    57
       Quick blade       ||    15
  Use: Scroll            ||     4
       Potion            ||     3
 Stab: Sleeping          ||    11
Armor: Leather armour    ||    14
Dodge: Dodged            ||    55

Table legend: (Time is in decaauts)
 A = Elapsed time spent in this place.
 B = Non-inter-level travel time spent in this place.
 C = Inter-level travel time spent in this place.
 D = Time resting spent in this place.
 E = Time spent auto-exploring this place.
 F = Levels seen in this place.
 G = Mean time per level.
                   A        B        C        D        E       F      G
               +--------+--------+--------+--------+--------+-----+--------+
         Total |   1394 |   1375 |     19 |      0 |   1191 |   2 |  697.0 |
       Dungeon |   1394 |   1375 |     19 |      0 |   1191 |   2 |  697.0 |
               +--------+--------+--------+--------+--------+-----+--------+

Top non-repeatable levels by time:
     D:1: 896 daAuts
     D:2: 497 daAuts
